 Dungeon Crawl Stone Soup version 0.24.0-1-gfbc8707 (webtiles) character file.

Game seed: 12125734834816061573, levelgen mode: deterministic

3407 indyram44 the Carver (level 9, -4/82 HPs)
             Began as a Minotaur Berserker on Oct 31, 2019.
             Was an Elder of Trog.
             Slain by a ynoxinul (12 damage)
             ... summoned by a kobold demonologist
             ... on level 7 of the Dungeon.
             The game lasted 00:19:47 (6206 turns).

indyram44 the Carver (Minotaur Berserker)           Turns: 6206, Time: 00:19:48

Health: -4/82      AC: -2    Str: 28      XL:     9   Next: 75%
Magic:  8/8        EV: 13    Int:  2 (4)  God:    Trog [****..]
Gold:   351        SH:  0    Dex: 11 (12) Spells: 8/8 levels left

rFire    . . .     SeeInvis .   a - +2 short sword (speed)
rCold    . . .     Gourm    .   (no shield)
rNeg     . . .     Faith    .   M - +0 scale mail
rPois    .         Spirit   .   (helmet restricted)
rElec    .         Reflect  .   (no cloak)
rCorr    .         Harm     .   (no gloves)
MR       ++...                  e - +0 pair of boots
Stlth    ..........             y - amulet of the acrobat
HPRegen  1.23/turn              z - ring of flight
MPRegen  0.11/turn              (no ring)

@: mighty, corroded, regenerating
A: retaliatory headbutt, horns 2
a: Berserk, Trog's Hand, Brothers in Arms, Renounce Religion, Evoke Flight


You were on level 7 of the Dungeon.
You worshipped Trog.
Trog was greatly pleased with you.
You were hungry.

You visited 1 branch of the dungeon, and saw 7 of its levels.

You collected 351 gold pieces.

Inventory:

Hand Weapons
 a - a +2 short sword of speed (weapon)
 b - a +2 short sword of electrocution
 F - a +0 falchion
 K - a +0 hand crossbow
Missiles
 i - 3 poisoned darts (quivered)
 o - 4 boomerangs
 r - 105 stones
 t - 2 throwing nets
 C - 3 atropa-tipped darts
 H - 14 bolts
Armour
 e - a +0 pair of boots (worn)
 B - a +0 chain mail
 M - a +0 scale mail (worn)
Jewellery
 y - an amulet of the acrobat (around neck)
 z - a ring of flight (left hand)
Wands
 I - a wand of iceblast (11)
Scrolls
 d - 6 scrolls of identify
 g - a scroll of remove curse
 k - 2 scrolls of magic mapping
 l - a scroll of random uselessness {unknown}
 p - a scroll of fog {unknown}
 q - 2 scrolls of teleportation
 x - a scroll of enchant armour {unknown}
 A - a scroll of fear {unknown}
 D - a scroll of noise {unknown}
Potions
 f - 2 potions of resistance {unknown}
 h - 3 potions of curing
 j - 2 potions of mutation {unknown}
 m - 2 potions of ambrosia {unknown}
 s - a potion of flight {unknown}
 u - a potion of cancellation {unknown}
 w - 2 potions of haste {unknown}
 E - a potion of degeneration {unknown}
 G - a potion of heal wounds {unknown}
 L - a potion of berserk rage {unknown}
Comestibles
 c - 13 rations
 v - 3 chunks of flesh


   Skills:
 * Level 8.8 Fighting
 + Level 4.7(7.0) Short Blades
 * Level 8.8(9.5) Long Blades
 + Level 1.5 Crossbows
 - Level 3.0 Throwing
 * Level 8.4 Armour
 + Level 5.4 Dodging
 + Level 1.2 Evocations


You had 8 spell levels left.
You didn't know any spells.
Your spell library was empty.

Dungeon Overview and Level Annotations

Branches:
Dungeon (7/15)             Temple (0/1) D:7

Altars:
Elyvilon
Gozag
Nemelex Xobeh
Okawaru
Qazlal
Ru
Sif Muna
Trog

Shops:
D:3 *


Innate Abilities, Weirdness & Mutations

You reflexively headbutt those who attack you in melee.
You have a pair of horns on your head.


Message History

* * * LOW HITPOINT WARNING * * *
You closely miss the kobold demonologist.
The kobold demonologist is lightly wounded.
The rust devil misses you. You furiously retaliate!
You headbutt the rust devil, but do no damage.
The kobold demonologist hits you but does no damage.
You hit the kobold demonologist.
Your headbutt misses the kobold demonologist.
The kobold demonologist is moderately wounded.
The ynoxinul misses you. You furiously retaliate!
You headbutt the ynoxinul.
Unknown command.
You hit the kobold demonologist.
Your headbutt misses the kobold demonologist.
The kobold demonologist is heavily wounded.
The rust devil misses you.
The kobold demonologist barely misses you.
You hit the kobold demonologist. You headbutt the kobold demonologist!
The kobold demonologist is almost dead.
The ynoxinul hits you!
You die...

#.##.# ##.,#.# #....# #*,#.#
##..K## *,#.# #....# *,#..
#...5### *,##. #...5.5### *,*#.
***********######o55##### #,##.
,,,,,,,,,,,,,,,#K3355...# #.#..
,,,,,,,,,,,,,,,#@######.#####....
,,,,,,,,,,,,,,,#4# #....#####.
,,,,,,,,,,,,,,,#.# ####.######
,,,,,,,,,,,,,,,#.# #......#
,,,,,,,,,,,,,,,#.# ######..
,,,,,,,,,,,,,,,8.# ###
,,,,,,,,,,,,,,,..#
,,,,,,,,,,,,,,,8##
,,,,,,,,,,,,,,.#*


You could see a rust devil, a kobold demonologist, a neqoxec, a ynoxinul, an orc
warrior, a shadow imp and 4 ufetubi.

Vanquished Creatures
  Pikel (D:6)
  A kobold demonologist (D:7)
  A hornet (D:7)
  Sigmund (D:3)
  Menkaure (D:6)
  A water moccasin (D:6)
  A sky beast (D:7)
  2 slaves (D:6)
  3 phantoms
  4 ogres
  4 bullfrogs
  2 scorpions
  A howler monkey (D:4)
  A bullfrog zombie (D:7)
  4 hounds
  2 jellies
  2 bullfrog skeletons
  6 orc wizards
  10 worker ants
  Natasha (twice) (D:4)
  7 gnolls
  9 adders
  2 shadow imps
  An adder skeleton (D:5)
  3 worms
  3 leopard geckos
  23 orcs
  2 bats (D:3)
  5 giant cockroaches
  7 goblins
  6 hobgoblins
  12 jackals
  4 quokkas
  7 frilled lizards
  A jackal zombie (D:7)
  11 kobolds
  A leopard gecko zombie (D:6)
  7 rats
161 creatures vanquished.

Notes
Turn   | Place    | Note
-------+----------+-------------------------------------------
     0 | D:1      | indyram44 the Minotaur Berserker began the quest for the
                  | Orb.
     0 | D:1      | Reached XP level 1. HP: 19/19 MP: 0/0
   247 | D:1      | Reached XP level 2. HP: 21/27 MP: 1/1
   921 | D:2      | Reached XP level 3. HP: 26/33 MP: 2/2
  1105 | D:2      | Reached ** piety under Trog
  1455 | D:3      | Found Gozag's Platinum Reserve.
  1459 | D:3      | Found an opulent altar of Gozag.
  1708 | D:3      | Found a stormy altar of Qazlal.
  1708 | D:3      | Found a shimmering blue altar of Sif Muna.
  1714 | D:3      | Reached skill level 1 in Short Blades
  1714 | D:3      | Reached skill level 1 in Throwing
  1714 | D:3      | Reached XP level 4. HP: 33/41 MP: 3/3
  1971 | D:3      | Found a sparkling altar of Nemelex Xobeh.
  1989 | D:3      | Noticed Sigmund
  2001 | D:3      | Killed Sigmund
  2001 | D:3      | Reached skill level 5 in Fighting
  2001 | D:3      | Reached XP level 5. HP: 48/48 MP: 4/4
  2164 | D:3      | Reached XP level 6. HP: 52/56 MP: 5/5
  2298 | D:4      | Reached skill level 5 in Long Blades
  2391 | D:4      | Reached XP level 7. HP: 12/61 MP: 6/6
  2796 | D:4      | Reached skill level 5 in Armour
  2946 | D:4      | Reached *** piety under Trog
  2967 | D:4      | HP: 1/62 [phantom (8)]
  2972 | D:4      | HP: 2/93 [adder (4)]
  3354 | D:4      | Noticed Natasha
  3363 | D:4      | Killed Natasha
  3494 | D:4      | Noticed Natasha
  3499 | D:4      | Killed Natasha
  3639 | D:4      | Reached XP level 8. HP: 70/70 MP: 7/7
  3802 | D:5      | Entered Level 5 of the Dungeon
  3850 | D:5      | Received a gift from Trog
  4019 | D:5      | Found a white marble altar of Elyvilon.
  4309 | D:5      | Found a bloodstained altar of Trog.
  4834 | D:6      | Reached **** piety under Trog
  5064 | D:6      | Noticed Menkaure
  5066 | D:6      | Killed Menkaure
  5077 | D:6      | Reached XP level 9. HP: 66/80 MP: 8/8
  5201 | D:6      | Found an iron altar of Okawaru.
  5348 | D:6      | Noticed Pikel
  5365 | D:6      | Killed Pikel
  5365 | D:6      | Reached skill level 5 in Dodging
  5568 | D:7      | Found a sacrificial altar of Ru.
  5742 | D:7      | Paralysed by a hornet for 1 turns
  5747 | D:7      | Reached skill level 1 in Crossbows
  6134 | D:7      | Noticed a kobold demonologist
  6147 | D:7      | Noticed a kobold demonologist
  6151 | D:7      | Killed a kobold demonologist
  6151 | D:7      | Reached skill level 1 in Evocations
  6154 | D:7      | Noticed a sixfirhy
  6193 | D:7      | Noticed a rust devil
  6206 | D:7      | Slain by a ynoxinul

Levels and vault maps discovered:
D:1:      dpeg_arrival_central, layout_basic
D:2:      layout_basic, grunt_ministairs_9, minmay_lizard_pond
D:3:      layout_loops_cross, nemelex_xobeh_ov_fountains_minmay,
          nicolae_gozag_zags_fifth_avenue, gammafunk_temple_overflow_pools,
          uniq_sigmund
D:4:      minmay_door_path, layout_loops_cross, first_ration, corner_web_ring,
          uniq_natasha
D:5:      layout_cave_pools, elyvilon_altar_3, bloody_trog, serial_glass,
          glass_columns_a, glass_columns_a
D:6:      layout_basic, kennysheep_little_box, uniq_menkaure, uniq_pikel
D:7:      corexii_shack_village, layout_rooms, nicolae_ru_awakened_eye,
          lemuel_temple_firewalk_a

Skill      XL: |  1  2  3  4  5  6  7  8  9 |
---------------+----------------------------+-----
Long Blades    | 4 5 6 7 8 |  8.8
Fighting       | 4 5 6 7 8 |  8.8
Armour         | 3 4 5 7 8 |  8.4
Short Blades   | 1 2 3 4 |  4.7
Throwing       | 1 2 3 |  3.0
Dodging        | 3 4 5 |  5.4
Crossbows      | 1 |  1.5
Evocations     | 1 |  1.2

Action                   |  1- 3 |  4- 6 |  7- 9 || total
-------------------------+-------+-------+-------++-------
Melee: Falchion          |    37 |       |       ||    37
       Headbutt          |    12 |    17 |    96 ||   125
       Short sword       |    53 |    59 |   485 ||   597
Invok: Berserk           |       |     1 |     2 ||     3
       Trog's Hand       |       |       |     2 ||     2
  Use: Scroll            |       |       |     5 ||     5
       Potion            |       |       |     2 ||     2
 Stab: Sleeping          |     1 |       |       ||     1
  Eat: Chunk             |     2 |     3 |    15 ||    20
Armor: Animal skin       |    18 |     5 |     1 ||    24
       Leather armour    |       |       |     8 ||     8
       Ring mail         |       |       |    41 ||    41
       Scale mail        |       |       |    28 ||    28
Dodge: Dodged            |    58 |    21 |   233 ||   312
       Rpst.: Falchion   |     7 |       |       ||     7
